 Dungeon Crawl Stone Soup version 0.19.1 (webtiles) character file.

87 SQman the Covered (level 4, -11/27 HPs)
             Began as a Tengu Wanderer on Dec 5, 2016.
             Was an Initiate of Qazlal.
             Killed by divine providence
             ... invoked by an orc priest
              (13 damage)
             ... on level 4 of the Dungeon.
             The game lasted 00:19:49 (2258 turns).

SQman the Covered (Tengu Wanderer)                  Turns: 2258, Time: 00:19:49

Health: -11/27     AC:  7    Str: 11 (13) XL:     4   Next: 51%
Magic:  5/5        EV:  9    Int: 12      God:    Qazlal [......]
Gold:   175        SH:  0    Dex: 13 (14) Spells: 0 memorised, 3 levels left

rFire  + . .     SeeInvis .     r - +0 war axe
rCold  . . .     Gourm    .     l - -1 scale mail (curse)
rNeg   . . .     Faith    .     (no shield)
rPois  .         Spirit   .     (helmet restricted)
rElec  .         Reflect  .     p - +0 cloak
rCorr  .         Harm     .     (no gloves)
MR     .....                    (boots unavailable)
Stlth  ..........               (no amulet)
                                (no ring)
                                q - ring of protection from fire

@: no status effects
A: beak, talons 3
a: Renounce Religion


You were on level 4 of the Dungeon.
You worshipped Qazlal.
Qazlal was noncommittal.
You were not hungry.

You visited 1 branch of the dungeon, and saw 4 of its levels.

You collected 175 gold pieces.

Inventory:

Hand Weapons
 a - a +3 mace
 g - a +0 mace
 h - a +0 whip
 r - a +0 war axe (weapon)
 t - a +0 blowgun
Missiles
 o - 6 tomahawks (quivered)
 u - 16 poisoned needles
Armour
 b - a +0 ring mail
 e - a +0 ring mail
 l - a cursed -1 scale mail (worn)
 p - a +0 cloak (worn)
Jewellery
 q - a ring of protection from fire (left hand)
Scrolls
 f - a scroll of immolation
 j - 4 scrolls of teleportation
 k - 2 scrolls of enchant weapon
 v - 4 scrolls of remove curse {unknown}
 w - a scroll of identify
Potions
 c - a potion of curing
 m - a potion of might
 n - a potion of flight
Comestibles
 d - 3 bread rations
 i - a beef jerky
 s - 3 fruits


   Skills:
 + Level 2.8 Fighting
 + Level 0.4(2.1) Axes
 + Level 2.3(2.4) Maces & Flails
   Level 2.1(2.2) Polearms
 + Level 0.2 Throwing
 + Level 3.4 Armour
 + Level 1.3 Dodging
 + Level 1.4 Stealth
   Level 1.0 Evocations


You had 3 spell levels left.
You didn't know any spells.

Dungeon Overview and Level Annotations

Branches:
Dungeon (4/15)
 Temple: D:4-7

Altars:
Qazlal


Innate Abilities, Weirdness & Mutations

You have a beak for a mouth.
You have claws for feet.


Message History

Found a short sword.
You see here a short sword.
You completely miss the orc priest.
You peck the orc priest, but do no damage.
The orc priest hits you.
* * * LOW HITPOINT WARNING * * *
You closely miss the orc priest. You claw the orc priest.
The orc priest is lightly wounded.
The orc priest hits you but does no damage. x2
You slash the orc priest!
The orc priest is almost dead.
The orc priest calls down the wrath of Beogh upon you.
Pain shoots through your body!
* * * LOW HITPOINT WARNING * * *
You closely miss the orc priest.
You claw the orc priest, but do no damage.
The orc priest is almost dead.
The orc priest mumbles some strange prayers to Beogh against you.
Beogh smites you!
You die...

#########
#..)@ooo#
#..###o.#
##..###..##
..........#
###..###...#
#......o..#
#.........###
##.#
#.#####o#...#
#...
#.....##.#
#...


You could see 2 orc priests and 2 orcs.

Vanquished Creatures
  3 adders
  A worm (D:2)
  2 dart slugs
  A leopard gecko (D:3)
  2 orcs (D:3)
  2 ball pythons (D:2)
  6 bats
  2 giant cockroaches (D:3)
  A goblin (D:1)
  6 hobgoblins
  4 jackals (D:3)
  A quokka (D:2)
  4 frilled lizards
  8 kobolds
  7 rats
50 creatures vanquished.

Notes
Turn   | Place    | Note
-------+----------+-------------------------------------------
     0 | D:1      | SQman the Tengu Wanderer began the quest for the Orb.
     0 | D:1      | SQman set off with: a +2 mace, a +0 ring mail, a potion of curing, a bread ration
     0 | D:1      | Reached XP level 1. HP: 12/12 MP: 2/2
   413 | D:1      | Reached XP level 2. HP: 16/17 MP: 3/3
  1045 | D:2      | Reached XP level 3. HP: 17/22 MP: 4/4
  1522 | D:3      | Reached skill level 3 in Armour
  2035 | D:3      | Reached XP level 4. HP: 26/27 MP: 5/5
  2200 | D:4      | Found a stormy altar of Qazlal.
  2216 | D:4      | Became a worshipper of Qazlal Stormbringer
  2258 | D:4      | Killed from afar by an orc priest

Skill      XL: |  1  2  3 |
---------------+----------+-----
Armour         | 3 |  3.4
Maces & Flails | 2 |  2.3
Fighting       | |  2.8
Axes           | |  0.4
Polearms       | |  2.1
Throwing       | |  0.2
Dodging        | |  1.3
Stealth        | |  1.4
Evocations     | |  1.0

Action                   |  1- 3 |  4- 6 || total
-------------------------+-------+-------++-------
Melee: Mace              |    87 |       ||    87
       Peck              |    12 |     5 ||    17
       Kick              |    21 |     5 ||    26
       War axe           |    21 |    28 ||    49
Throw: Tomahawk          |     5 |       ||     5
  Use: Scroll            |     7 |       ||     7
       Potion            |     6 |     2 ||     8
  Eat: Royal jelly       |     1 |       ||     1
       Chunk             |     1 |       ||     1
       Fruit             |       |     2 ||     2
Armor: Ring mail         |     4 |       ||     4
       Scale mail        |    79 |    19 ||    98
Dodge: Dodged            |    64 |    11 ||    75
